 Dungeon Crawl Stone Soup version 0.30-a0-141-g30f27751c5 (webtiles) character file.

Game seed: 15039291991999573793

612 qw the Chopper (level 7, -12/43 HPs)
             Began as a Gargoyle Fighter on Sept 25, 2022.
             Mangled by Prince Ribbit (14 damage)
             ... on level 5 of the Dungeon.
             The game lasted 00:01:38 (5323 turns).

qw the Chopper (Gargoyle Fighter)                   Turns: 5323, Time: 00:01:39

Health: -12/43     AC: 18    Str: 23    XL:     7   Next: 44%
Magic:  7/7        EV: 10    Int: 11    God:
Gold:   316        SH:  4    Dex: 11    Spells: 6/6 levels left

rFire   . . .      SeeInvis .    Y - +0 war axe
rCold   . . .      Faith    .    c - +0 buckler
rNeg    + + .      Spirit   .    h - +4 ring mail {rN+}
rPois   inf        Reflect  .    (helmet restricted)
rElec   +          Harm     .    (no cloak)
rCorr   .          Rampage  .    (no gloves)
Will    .....                    (no boots)
Stlth   +.........               (no amulet)
HPRegen 0.14/turn                p - +4 ring of protection
MPRegen 0.10/turn                (no ring)

@: no status effects
A: sickness immunity, AC +4, negative energy resistance 1, electricity
resistance, torment resistance 1, petrification resistance, horns 1, agile 1,
clever 1, strong 1
a: no special abilities


You were on level 5 of the Dungeon.
You visited 1 branch of the dungeon, and saw 5 of its levels.

You collected 316 gold pieces.


Innate Abilities, Weirdness & Mutations

You are immune to sickness and miasma.
Your stone body is resilient. (AC +4)
You are immune to poison.
You resist negative energy. (rN+)
You are resistant to electric shocks. (rElec)
You are resistant to unholy torment.
You are immune to petrification.
You have a pair of small horns on your head.
You are agile. (Dex +4, Str/Int -1)
Your mind is acute. (Int +4, Str/Dex -1)
Your muscles are strong. (Str +4, Int/Dex -1)


   Skills:
 - Level 4.0 Fighting
 + Level 6.9 Axes
 - Level 3.2 Armour
 - Level 1.0 Dodging
 - Level 3.2 Shields


You had 6 spell levels left.
You didn't know any spells.
Your spell library was empty.

Inventory:

Hand Weapons
 f - a +0 morningstar
 Y - a +0 war axe (weapon)
Missiles
 k - 5 boomerangs (quivered)
Armour
 c - a +0 buckler (worn)
 e - a +0 tower shield
 h - a +4 ring mail of positive energy (worn)
 m - the +0 scale mail "Yrohorroirph" {Str+5 Int+3}
   (You found it on level 5 of the Dungeon)

   Str:       It affects your strength (+5).
   Int:       It affects your intelligence (+3).
Jewellery
 p - a +4 ring of protection (left hand)
Scrolls
 j - a scroll of identify
Potions
 a - a potion of lignification
 b - a potion of mutation
 d - 2 potions of might
 i - 4 potions of curing
 l - a potion of haste {unknown}
 n - a potion of degeneration {unknown}

Dungeon Overview and Level Annotations

Branches:
Dungeon (5/15)
 Temple: D:4-7

Altars:
Ashenzari
Fedhas
Makhleb
Nemelex Xobeh
Trog
Lugonu

Shops:
D:2 :(:

Portals:
Abyss: D:3

Annotations:
D:3 2 runed translucent doors
D:5 Prince Ribbit


Message History

The phantom hits you but does no damage.
You miss Prince Ribbit.
Prince Ribbit is almost dead.
You miss the phantom. The phantom closely misses you.
Prince Ribbit closely misses you. The phantom hits you.
You closely miss Prince Ribbit.
Prince Ribbit is almost dead.
You hit the phantom.
Prince Ribbit hits you but does no damage.
You block Prince Ribbit's attack.
The phantom hits you but does no damage.
You barely miss Prince Ribbit.
Prince Ribbit is almost dead.
You hit the phantom.
Prince Ribbit hits you but does no damage.
The phantom hits you but does no damage.
Prince Ribbit hits you!
You closely miss Prince Ribbit.
Prince Ribbit is almost dead.
You hit the phantom. Prince Ribbit closely misses you.
The phantom barely misses you.
Prince Ribbit lets out a mournful croak.
Prince Ribbit hits you.
You miss Prince Ribbit. Your headbutt misses Prince Ribbit.
Prince Ribbit is almost dead.
You closely miss the phantom.
The phantom hits you but does no damage.
Prince Ribbit hits you.
You barely miss Prince Ribbit.
Prince Ribbit is almost dead.
You barely miss the phantom.
Prince Ribbit hits you but does no damage.
The phantom hits you but does no damage.
Prince Ribbit hits you. The phantom barely misses you.
You barely miss Prince Ribbit. Your headbutt misses Prince Ribbit.
Prince Ribbit is almost dead.
You closely miss the phantom. Prince Ribbit hits you!
You die...

##########################
..........................
##################........
# ###.#...#.. # #...#.#.#
# #.### # # #.# #.#.[
#######'#.....#
......)@W.# .......)F.+
..........# ..........#
#########.. ### #


You could see Prince Ribbit and a phantom.

Vanquished Creatures
  A black bear (D:5)
  An ogre (D:4)
  A howler monkey (D:5)
  A hound (D:5)
  A gnoll bouda (D:5)
  An orc priest (D:4)
  Terence (D:3)
  3 orc wizards (D:4)
  3 gnolls (D:5)
  9 adders
  2 ufetubi (D:5)
  2 worms (D:2)
  3 dart slugs
  8 orcs
  6 ball pythons
  3 endoplasms
  3 giant cockroaches
  6 hobgoblins
  4 jackals (D:4)
  4 quokkas
  5 bats
  3 goblins
  9 kobolds
  13 rats
93 creatures vanquished.

Notes
Turn   | Place    | Note
-------+----------+-------------------------------------------
     0 | D:1      | qw the Gargoyle Fighter began the quest for the Orb.
     0 | D:1      | Reached XP level 1. HP: 14/14 MP: 1/1
     0 | D:1      | 0 ||| qw: Version: 0.2-a-10-g399e6c4
     0 | D:1      | 0 ||| qw: Game counter: 378
     0 | D:1      | 0 ||| qw: Always use a shield: true
     0 | D:1      | 0 ||| qw: God list: Okawaru
     0 | D:1      | 0 ||| qw: Allow faded altars: false
     0 | D:1      | 0 ||| qw: Do Orc after D:15 true
     0 | D:1      | 0 ||| qw: Do second Lair branch before Depths: true
     0 | D:1      | 0 ||| qw: Lair rune preference: random
     0 | D:1      | 0 ||| qw: Plans: Normal, Zot:1-4, God:TSO, Crypt, Tomb,
                  | Pan, Slime:5, Hells, Abyss, Orb
     0 | D:1      | 0 ||| PLANNING D:1-11
   220 | D:1      | Reached skill level 2 in Axes
   672 | D:1      | Reached XP level 2. HP: 19/19 MP: 2/2
  1169 | D:1      | 1169 ||| DROPPING +0 whip.
  1184 | D:1      | 1184 ||| Stepping ~*~*~tactically~*~*~ (stealth).
  1487 | D:1      | 1487 ||| UPGRADING to +0 helmet.
  1492 | D:1      | 1492 ||| READING scroll labelled DOUM VOISO.
  1493 | D:1      | 1493 ||| READING 2 scrolls labelled SOFEQET KOLUX.
  1494 | D:1      | 1494 ||| DRINKING 4 bubbling golden potions.
  1520 | D:2      | Found Ynufri Feet's Book Shop.
  1677 | D:2      | Reached skill level 3 in Axes
  1677 | D:2      | Reached XP level 3. HP: 20/23 MP: 3/3
  1710 | D:2      | Found a faded altar of an unknown god.
  1914 | D:2      | Found Weixyd's Antique Weapon Boutique.
  2153 | D:2      | 2153 ||| Stepping ~*~*~tactically~*~*~ (hiding).
  2264 | D:2      | Found Goitses's Book Emporium.
  2320 | D:2      | Reached XP level 4. HP: 28/28 MP: 4/4
  2380 | D:2      | Reached skill level 4 in Axes
  2498 | D:2      | 2498 ||| DROPPING +6 ring of intelligence.
  2499 | D:2      | 2499 ||| UPGRADING to +4 ring of protection.
  2500 | D:2      | 2500 ||| READING scroll labelled QEOSTU PIERGHUS.
  2501 | D:2      | 2501 ||| READING 2 scrolls labelled WAUPSE CAMA.
  2502 | D:2      | 2502 ||| READING scroll labelled SUATOITHRIY.
  2503 | D:2      | 2503 ||| DRINKING 2 metallic green potions.
  2537 | D:2      | 2537 ||| READING 2 scrolls of identify.
  2537 | D:2      | 2537 ||| IDENTIFYING bubbling emerald potion
  2538 | D:2      | 2538 ||| DROPPING scroll of vulnerability.
  2982 | D:3      | Found a one-way gate to the infinite horrors of the Abyss.
  3011 | D:3      | Found a sparkling altar of Nemelex Xobeh.
  3012 | D:3      | Found a burning altar of Makhleb.
  3013 | D:3      | Found a blossoming altar of Fedhas.
  3091 | D:3      | Found a large runed translucent door.
  3091 | D:3      | Found a large runed translucent door.
  3094 | D:3      | Found a corrupted altar of Lugonu.
  3127 | D:3      | Found a broken altar of Ashenzari.
  3177 | D:3      | Noticed Terence
  3194 | D:3      | Killed Terence
  3195 | D:3      | Reached XP level 5. HP: 14/32 MP: 5/5
  3369 | D:3      | 3369 ||| DROPPING +0 flail.
  3605 | D:3      | 3605 ||| UPGRADING to +4 ring mail of positive energy.
  3615 | D:3      | 3615 ||| DROPPING +0 scale mail.
  3672 | D:4      | Noticed a moth of wrath
  3676 | D:4      | Found a bloodstained altar of Trog.
  3701 | D:4      | 3701 ||| FLEEEEING.
  3702 | D:4      | 3702 ||| FLEEEEING.
  3703 | D:4      | 3703 ||| FLEEEEING.
  3704 | D:4      | 3704 ||| FLEEEEING.
  3705 | D:4      | 3705 ||| FLEEEEING.
  3838 | D:4      | 3838 ||| Stepping ~*~*~tactically~*~*~ (hiding).
  3854 | D:4      | Reached skill level 5 in Axes
  3857 | D:4      | Reached skill level 1 in Dodging
  4266 | D:4      | 4266 ||| Stepping ~*~*~tactically~*~*~ (stealth).
  4288 | D:4      | 4288 ||| Stepping ~*~*~tactically~*~*~ (stealth).
  4376 | D:4      | Reached XP level 6. HP: 36/38 MP: 6/6
  4791 | D:4      | 4791 ||| Stepping ~*~*~tactically~*~*~ (hiding).
  4792 | D:4      | 4792 ||| Stepping ~*~*~tactically~*~*~ (hiding).
  5072 | D:4      | 5072 ||| DROPPING ring of magical power.
  5073 | D:4      | 5073 ||| DRINKING 2 fuming emerald potions.
  5073 | D:4      | Gained mutation: Your muscles are strong. (Str +4, Int/Dex
                  | -1) [potion of mutation]
  5073 | D:4      | Gained mutation: You are agile. (Dex +4, Str/Int -1)
                  | [potion of mutation]
  5073 | D:4      | Gained mutation: Your mind is acute. (Int +4, Str/Dex -1)
                  | [potion of mutation]
  5073 | D:4      | Gained mutation: You have a pair of small horns on your
                  | head. [potion of mutation]
  5074 | D:4      | 5074 ||| DROPPING +0 helmet.
  5084 | D:5      | Entered Level 5 of the Dungeon
  5102 | D:5      | 5102 ||| FLEEEEING.
  5109 | D:5      | 5109 ||| STAIRDANCE
  5180 | D:5      | Reached skill level 6 in Axes
  5210 | D:5      | Noticed a black bear
  5216 | D:5      | Killed a black bear
  5217 | D:5      | Reached XP level 7. HP: 41/43 MP: 7/7
  5225 | D:5      | 5225 ||| Stepping ~*~*~tactically~*~*~ (stealth).
  5265 | D:5      | Identified the +0 scale mail "Yrohorroirph" {Str+5 Int+3}
  5271 | D:5      | Noticed Prince Ribbit
  5278 | D:5      | HP: 5/43 [Prince Ribbit (11)]
  5279 | D:5      | 5279 ||| DRINKING 2 potions of heal wounds.
  5302 | D:5      | HP: 9/43 [gnoll/+0 halberd[a gnoll bouda] (10)]
  5303 | D:5      | 5303 ||| DRINKING potion of heal wounds.
  5320 | D:5      | HP: 10/43 [Prince Ribbit (5)]
  5322 | D:5      | HP: 2/43 [Prince Ribbit (6)]
  5323 | D:5      | Mangled by Prince Ribbit

Levels and vault maps discovered:
D:1:      matt_arrival_los_fun, layout_basic
D:2:      layout_loops_ring, shapermc_ecumenical_altar_starsandcircs,
          serial_shops, nicolae_shop_hallway_plus, shop, nicolae_square_shop,
          minmay_vboxes
D:3:      due_chaos_kobolds, layout_loops_cross, amcnicky_altar_gilded,
          chequers_temple_overflow_statue_of_worship, uniq_terence
D:4:      layout_cave_pods, tgw_trog
D:5:      layout_basic, uniq_prince_ribbit1

Skill      XL: |  1  2  3  4  5  6 |
---------------+-------------------+-----
Axes           | 2 3 4 5 6 |  6.9
Dodging        | 1 |  1.0
Fighting       | 4 |  4.0
Armour         | |  3.2
Shields        | |  3.2

Action                   |  1- 3 |  4- 6 |  7- 9 || total
-------------------------+-------+-------+-------++-------
Melee: War axe           |   101 |   175 |    58 ||   334
       Headbutt          |       |     4 |     8 ||    12
Throw: Boomerang         |    40 |    52 |     3 ||    95
  Use: Scroll            |     2 |     4 |       ||     6
       Potion            |     1 |     2 |     2 ||     5
Armor: Scale mail        |    73 |    30 |       ||   103
       Ring mail         |       |    87 |    46 ||   133
Dodge: Dodged            |    47 |    86 |    64 ||   197
Block: Buckler           |    14 |    39 |    16 ||    69

Table legend:
 A = Non-vault XP
 B = Vault XP
 C = Vault XP percentage of total XP
 D = Non-vault monster count
 E = Vault monster count
 F = Vault count percentage of total count
                 A         B        C        D         E       F
            +---------+---------+-------+---------+---------+-------
      Total |     824 |      51 |   5.8 |      83 |      10 |  10.8
            +---------+---------+-------+---------+---------+-------
        D:1 |      21 |       0 |   0.0 |      15 |       0 |   0.0
        D:2 |      75 |      10 |  11.8 |      16 |       4 |  20.0
        D:3 |      44 |      36 |  45.0 |      17 |       1 |   5.6
        D:4 |     332 |       5 |   1.5 |      24 |       5 |  17.2
        D:5 |     352 |       0 |   0.0 |      11 |       0 |   0.0
            +---------+---------+-------+---------+---------+-------
